AoeStats
← Dobby

Nomad

510084768Analyzed
2v2 RM · 4d ago on Sep 29, 2026· 48m 23s· 4 players
Game mode
Random Map
Map size
176×176
Population
200
Speed
Normal
Resources
Standard
Victory
Conquest
Starting age
Dark Age
Ending age
Imperial Age
RankedLock teamsTeams togetherTeam positionsShared explorationLock speedFull tech treeHidden civsTurbo modeCheats
Victory
Defeat
🇮🇳 Lithuanians · India
1362
+13
🇮🇳 Spanish · India
1332
+14
🇧🇪 Koreans · Belgium
1317
-15
🇧🇪 Japanese · Belgium
1252
-12
BreekVuist
5:25 Loom
13:24 Feudal Age
13:53 Double-Bit Axe
14:11 Horse Collar
15:36 Fishing Lines
20:41 Castle Age
19:24 Scale Mail Armor
19:34 Forging
20:32 Arson
21:38 Bow Saw
22:32 Fletching
23:24 Chain Mail Armor
23:26 Squires
24:37 Wheelbarrow
25:22 Medium Warships
25:31 Town Watch
29:08 Heavy Plow
33:16 Iron Casting
33:30 Stone Mining
33:30 Gold Mining
35:05 Fortified Wall
36:10 Gold Shaft Mining
35:53 Hand Cart
40:00 Imperial Age
40:05 Capped Ram
41:27 Plate Mail Armor
41:23 Elite Samurai
43:19 Blast Furnace
43:23 Conscription
48:44 Hoardings
Ultrakiller
4:51 Loom
14:28 Feudal Age
16:35 Double-Bit Axe
20:29 Castle Age
18:54 Fletching
21:24 Bodkin Arrow
27:49 Ballistics
Comrades of Kankidiot
5:02 Loom
13:19 Feudal Age
17:04 Castle Age
15:38 Double-Bit Axe
18:24 Bow Saw
18:35 Padded Archer Armor
26:17 Gold Mining
28:43 Horse Collar
32:36 Imperial Age
31:00 Fletching
32:51 Bloodlines
35:46 Conscription
36:34 Leather Archer Armor
37:01 Elite Conquistador
43:17 Ring Archer Armor
46:29 Town Watch
47:20 Wheelbarrow
Dobby
11:13 Feudal Age
13:02 Double-Bit Axe
16:03 Fishing Lines
16:32 Loom
16:34 Town Watch
18:08 Fletching
22:05 Castle Age
21:40 Gold Mining
23:12 Medium Warships
23:08 Bodkin Arrow
23:41 Bow Saw
23:13 Horse Collar
27:13 Gillnets
29:19 Stone Mining
30:05 Horse Collar
30:35 Scale Barding Armor
31:08 Heavy Plow
31:50 Wheelbarrow
33:39 Stone Shaft Mining
33:36 Hand Cart
33:54 Chain Barding Armor
34:21 Hill Forts
34:55 Forging
38:41 Imperial Age
36:39 Bloodlines
36:29 Husbandry
37:06 Iron Casting
38:27 Treadmill Crane
39:08 Ballistics
39:44 Conscription
40:00 Plate Barding Armor
39:43 Elite Leitis
41:46 Bracer
47:11 Hoardings
47:40 Chemistry
47:12 Herbal Medicine
48:33 Masonry
Connection lost

Rejoining the realm…

Still unreachable

The connection could not be restored.

Session expired

The server has moved on; the page needs a fresh start.